 Dungeon Crawl Stone Soup version 0.24-a0-520-g8fd06ad0bc (webtiles) character file.

Game seed: 1021262963267765724

14174 Arthanis the Cleaver (level 12, -5/67 HPs)
             Began as a Vine Stalker Berserker on July 26, 2019.
             Was a High Priest of Trog.
             Slain by an eight-headed hydra (11 damage)
             ... on level 11 of the Dungeon.
             The game lasted 00:18:15 (8494 turns).

Arthanis the Cleaver (Vine Stalker Berserker)       Turns: 8494, Time: 00:18:16

Health: -5/67      AC: 13    Str: 20      XL:     12   Next: 13%
Magic:  0/25       EV:  7    Int: 11      God:    Trog [*****.]
Gold:   390        SH:  0    Dex: 14 (15) Spells: 11/11 levels left

rFire    . . .     SeeInvis .   Q - +0 dire flail (protect)
rCold    . . .     Gourm    .   (shield currently unavailable)
rNeg     . . .     Faith    +   H - +0 plate armour
rPois    .         Spirit   +   t - +0 helmet
rElec    .         Reflect  .   (no cloak)
rCorr    .         Harm     .   (no gloves)
MR       ++++.                  (no boots)
Stlth    ..........             O - amulet of faith
HPRegen  2.01/turn              m - ring of magical power
MPRegen  0.19/turn              Y - ring of protection from magic

@: about to teleport, berserk cooldown, regenerating, slowed, very slow
A: fangs 3, regeneration 2, magic shield, antimagic bite, no potion heal 3, rot
immunity
a: Berserk, Trog's Hand, Brothers in Arms, Renounce Religion


You were on level 11 of the Dungeon.
You worshipped Trog.
Trog was extremely pleased with you.
You were not hungry.

You visited 1 branch of the dungeon, and saw 12 of its levels.

You collected 806 gold pieces.
You spent 416 gold pieces at shops.

Inventory:

Hand Weapons
 a - the +8 rapier of Idajounu {protect, rPois rF+ Int-2 Dex+10}
   (You found it on level 2 of the Dungeon)

   It grants its wielder temporary protection when it strikes (+7 to AC).
   It affects your intelligence (-2).
   It affects your dexterity (+10).
   It protects you from fire.
   It protects you from poison.
 b - a +3 antimagic broad axe
 K - a cursed +1 halberd of freezing
 Q - a +0 dire flail of protection (weapon)
 W - a +0 hand axe
Missiles
 A - 2 throwing nets (quivered)
Armour
 p - a +2 leather armour of fire resistance
 t - a +0 helmet (worn)
 H - a +0 plate armour (worn)
 S - a +2 robe of cold resistance
Jewellery
 e - an uncursed ring of see invisible
 f - an uncursed ring of flight
 m - a ring of magical power (left hand)
 O - an amulet of faith (around neck)
 Y - a ring of protection from magic (right hand)
Wands
 E - a wand of digging (4)
 F - a wand of paralysis (10)
 T - a wand of polymorph (10)
 V - a wand of scattershot (5)
 X - a wand of iceblast (5)
Scrolls
 g - 3 scrolls of blinking
 i - 5 scrolls of immolation
 n - 3 scrolls of fog
 q - 6 scrolls of remove curse
 s - 4 scrolls of teleportation
 z - 3 scrolls of magic mapping
 G - a scroll of enchant weapon {unknown}
 I - a scroll of random uselessness {unknown}
 J - 2 scrolls of fear {unknown}
 L - a scroll of brand weapon {unknown}
 P - a scroll of enchant armour
Potions
 d - a potion of agility {unknown}
 h - 2 potions of haste {unknown}
 j - 2 potions of lignification {unknown}
 k - 6 potions of curing
 o - a potion of invisibility {unknown}
 r - 3 potions of brilliance {unknown}
 v - 4 potions of heal wounds
 w - a potion of resistance {unknown}
 x - a potion of ambrosia {unknown}
 C - 2 potions of might
 N - a potion of flight {unknown}
Miscellaneous
 R - a box of beasts
Comestibles
 c - 22 rations
 l - 5 chunks of flesh


   Skills:
 + Level 9.7 Fighting
 * Level 12.9 Axes
 - Level 6.0 Armour
 - Level 2.0 Dodging
 - Level 4.1 Evocations


You had 11 spell levels left.
You didn't know any spells.
Your spell library contained the following spells:

 Spells                   Type           Power        Failure   Level  Hunger
 Sandblast                Erth           #.....       100%        1    ##.....
 Sting                    Conj/Pois      #...         100%        1    ##.....
 Summon Small Mammal      Summ           #...         100%        1    ##.....
 Call Imp                 Summ           #.......     100%        2    ###....
 Corpse Rot               Necr           N/A          100%        2    ###....
 Passwall                 Tmut/Erth      #.......     100%        2    ###....
 Poisonous Vapours        Pois/Air       #.....       100%        2    ###....
 Call Canine Familiar     Summ           #.......     100%        3    ####...
 Mephitic Cloud           Conj/Pois/Air  #.......     100%        3    ####...
 Stone Arrow              Conj/Erth      #.....       100%        3    ####...
 Summon Guardian Golem    Hex/Summ       #.......     100%        3    ####...
 Leda's Liquefaction      Hex/Erth       #.........   100%        4    #####..
 Olgreb's Toxic Radiance  Pois           #.......     100%        4    #####..
 Petrify                  Tmut/Erth      #.......     100%        4    #####..
 Summon Ice Beast         Ice/Summ       #.......     100%        4    #####..
 Summon Lightning Spire   Summ/Air       #.......     100%        4    #####..
 Lee's Rapid Deconstruct  Erth           #.........   100%        5    ######.
 Summon Forest            Summ/Tloc      #.........   100%        5    ######.
 Venom Bolt               Conj/Pois      #.........   100%        5    ######.
 Hydra Form               Tmut           #.........   100%        6    #######
 Summon Hydra             Summ           #.........   100%        7    #######


Dungeon Overview and Level Annotations

Branches:
Dungeon (12/15)            Temple (0/1) D:4            Lair (0/6) D:10
    Orc (0/2) D:9

Altars:
Dithmenos
Elyvilon
Hepliaklqana
Nemelex Xobeh
Beogh

Shops:
D:6 !   D:9 *   D:11 =

Annotations:
D:8 3 runed translucent doors, Inarius's ghost, novice DsSu


Innate Abilities, Weirdness & Mutations

You have razor-sharp teeth.
You heal very quickly.
When hurt, damage is shared between your health and your magic reserves.
Your bite disrupts and absorbs the magic of your enemies.
Potions cannot restore your health.
You are immune to rotting.


Message History

The crimson imp hits you but does no damage.
You climb upwards.
There is a stone staircase leading down, spattered with blood here.
As you read the scroll of teleportation, it crumbles to dust.
You feel strangely unstable.
The eight-headed hydra barely misses you. x2
The eight-headed hydra bites you!
* * * LOW HITPOINT WARNING * * *
The eight-headed hydra bites you but does no damage.
The eight-headed hydra completely misses you.
The eight-headed hydra bites you.
* * * LOW HITPOINT WARNING * * *
The eight-headed hydra bites you but does no damage.
The eight-headed hydra bites you.
* * * LOW HITPOINT WARNING * * *
The crimson imp hits you but does no damage.
The eight-headed hydra barely misses you.
The eight-headed hydra bites you but does no damage.
The eight-headed hydra bites you!
You die...

.................)###.....##
...................#.......##
............................##
.........###.................##
........## ##.................##
........# #..................##
........## ##...................#
#...(....###.....................
#...............@D............#..
#...............5............###.
............................## ##
....................###....## #
.....#.............## ##....## ##
....###............# #.....###.
.....#.............## ##......#..
.............#......###..........
............###..................


You could see an eight-headed hydra and a crimson imp.

Vanquished Creatures
  A hydra (D:11)
  A two-headed ogre (D:12)
  Nergalle (D:10)
  A cyclops (D:9)
  A centaur zombie (D:12)
  3 manticores
  A komodo dragon (D:9)
  An efreet (D:11)
  A troll (D:9)
  2 slime creatures (D:11)
  A hornet (D:8)
  2 hippogriffs
  6 yaks (D:9)
  2 wyverns (D:9)
  A steam dragon (D:9)
  2 soldier ants (D:8)
  2 water moccasins
  8 orc warriors
  3 eyes of draining (D:9)
  2 ice beasts
  5 sky beasts
  2 black bears
  6 phantoms
  A necrophage (D:8)
  4 ogres
  A crocodile (D:10)
  7 centaurs
  4 big kobolds
  A wyvern zombie (D:12)
  4 bullfrogs
  A water moccasin zombie (D:8)
  3 scorpions
  4 wights (D:8)
  12 killer bees
  A howler monkey (D:4)
  A jelly (D:8)
  9 crimson imps
  2 quasits
  7 orc priests
  4 centaur skeletons
  10 hounds
  A bullfrog skeleton (D:5)
  Terence (D:3)
  2 iguanas
  18 orc wizards
  5 worker ants
  A killer bee zombie (D:10)
  A worker ant zombie (D:7)
  A howler monkey skeleton (D:7)
  7 gnolls (D:5)
  9 adders
  An adder zombie (D:8)
  An adder skeleton (D:5)
  A worm (D:4)
  2 dart slugs (D:2)
  6 leopard geckos
  39 orcs
  10 bats
  3 giant cockroaches
  8 goblins
  7 hobgoblins
  17 jackals
  4 quokkas
  2 ball pythons
  6 frilled lizards
  20 kobolds
  A leopard gecko zombie (D:5)
  A quokka skeleton (D:8)
  A quokka zombie (D:8)
  4 rats
311 creatures vanquished.

Vanquished Creatures (others)
  A plant (D:9)
1 creature vanquished.

Grand Total: 312 creatures vanquished

Notes
Turn   | Place    | Note
-------+----------+-------------------------------------------
     0 | D:1      | Arthanis the Vine Stalker Berserker began the quest for the
                  | Orb.
     0 | D:1      | Reached XP level 1. HP: 11/11 MP: 2/2
    92 | D:1      | Reached XP level 2. HP: 12/16 MP: 0/3
   148 | D:1      | Reached skill level 3 in Axes
   193 | D:1      | HP: 1/24 [leopard gecko (2)]
   195 | D:1      | Reached XP level 3. HP: 1/19 MP: 0/4
   616 | D:2      | Reached ** piety under Trog
  1069 | D:2      | Got a jewelled rapier
  1070 | D:2      | Identified the +8 rapier of Idajounu {protect, rPois rF+
                  | Int-2 Dex+10} (You found it on level 2 of the Dungeon)
  1090 | D:2      | Gained mutation: Your natural rate of healing is unusually
                  | fast. [Vine Stalker growth]
  1090 | D:2      | Reached XP level 4. HP: 23/24 MP: 5/5
  1584 | D:3      | Noticed Terence
  1587 | D:3      | Reached skill level 4 in Axes
  1587 | D:3      | Reached XP level 5. HP: 26/28 MP: 6/6
  1594 | D:3      | Killed Terence
  2150 | D:4      | Found a staircase to the Ecumenical Temple.
  2274 | D:4      | Reached XP level 6. HP: 32/32 MP: 7/7
  2557 | D:5      | Entered Level 5 of the Dungeon
  2559 | D:5      | Noticed a phantom
  2567 | D:5      | Killed a phantom
  2590 | D:5      | Reached skill level 5 in Axes
  2594 | D:5      | Reached *** piety under Trog
  2760 | D:5      | Noticed a sky beast
  2760 | D:5      | Noticed a phantom
  2765 | D:5      | Killed a sky beast
  2765 | D:5      | Reached XP level 7. HP: 37/37 MP: 8/8
  2827 | D:5      | Found a hazy altar of Hepliaklqana.
  2848 | D:5      | Found a shadowy altar of Dithmenos.
  2881 | D:5      | Found a white marble altar of Elyvilon.
  2881 | D:5      | Found a sparkling altar of Nemelex Xobeh.
  2969 | D:5      | Reached skill level 6 in Axes
  3141 | D:5      | Gained mutation: You have razor-sharp teeth. [Vine Stalker
                  | growth]
  3141 | D:5      | Reached XP level 8. HP: 33/42 MP: 9/9
  3349 | D:6      | Found Giuso's Distillery.
  3354 | D:6      | Bought a potion of degeneration for 13 gold pieces
  3354 | D:6      | Bought 2 potions of might for 104 gold pieces
  3354 | D:6      | Bought a potion of curing for 39 gold pieces
  3354 | D:6      | Bought a potion of heal wounds for 65 gold pieces
  3412 | D:6      | Reached skill level 5 in Fighting
  3418 | D:6      | Reached skill level 7 in Axes
  3640 | D:6      | Reached skill level 8 in Axes
  3640 | D:6      | Reached XP level 9. HP: 44/48 MP: 10/10
  3820 | D:7      | Reached **** piety under Trog
  3825 | D:7      | Reached skill level 1 in Evocations
  4767 | D:8      | Reached skill level 9 in Axes
  4767 | D:8      | Reached skill level 5 in Armour
  4903 | D:8      | Reached XP level 10. HP: 40/53 MP: 13/13
  4946 | D:8      | Reached ***** piety under Trog
  5013 | D:8      | Found the +8 longbow "Zephyr" {speed, Dex+3 SInv}
  5211 | D:8      | Found a runed translucent gate.
  5212 | D:8      | Found a runed translucent gate.
  5213 | D:8      | Found a runed translucent gate.
  5359 | D:8      | Noticed Inarius's ghost (novice DsSu)
  5686 | D:9      | Found Fukk's Elemental Accessories.
  5761 | D:9      | Reached skill level 10 in Axes
  5828 | D:9      | Received a gift from Trog
  6048 | D:9      | Reached XP level 11. HP: 51/60 MP: 15/15
  6120 | D:9      | Reached skill level 11 in Axes
  6168 | D:9      | Noticed a cyclops
  6174 | D:9      | Killed a cyclops
  6298 | D:9      | Noticed a manticore
  6393 | D:9      | Killed a manticore
  6468 | D:9      | Found a staircase to the Orcish Mines.
  6488 | D:9      | Found a roughly hewn altar of Beogh.
  7022 | D:10     | Entered Level 10 of the Dungeon
  7038 | D:10     | Found a staircase to the Lair.
  7145 | D:10     | Noticed Nergalle
  7161 | D:10     | Killed Nergalle
  7429 | D:10     | Got a smoking ring mail
  7612 | D:11     | Noticed a manticore
  7676 | D:10     | Reached skill level 12 in Axes
  7757 | D:11     | Killed a manticore
  7757 | D:11     | Received a gift from Trog
  7846 | D:11     | Noticed a seven-headed hydra
  7855 | D:11     | Killed a seven-headed hydra
  8112 | D:11     | Found Ufis's Jewellery Shoppe.
  8116 | D:11     | Identified the cursed +1 ring mail of Kleptomania {rC-
                  | rCorr Str-4 Dex+8} (You found it on level 10 of the
                  | Dungeon)
  8126 | D:11     | Bought an uncursed ring of see invisible for 195 gold
                  | pieces
  8261 | D:12     | Noticed a manticore
  8272 | D:12     | Killed a manticore
  8328 | D:12     | Noticed a two-headed ogre
  8340 | D:12     | Killed a two-headed ogre
  8340 | D:12     | Gained mutation: You heal very quickly. [Vine Stalker
                  | growth]
  8340 | D:12     | Reached XP level 12. HP: 50/67 MP: 16/16
  8476 | D:12     | Noticed an eight-headed hydra
  8494 | D:11     | Slain by an eight-headed hydra

Levels and vault maps discovered:
D:1:      evilmike_arrival_rings, layout_rooms
D:2:      minmay_diamond_boxcup, layout_basic
D:3:      layout_rooms, first_ration, uniq_terence
D:4:      layout_loops_corners, minmay_temple_entry_tees
D:5:      layout_loops_ring, grunt_dithmenos_smoke_and_mirrors,
          kennysheep_mini_moat, gammafunk_temple_overflow_pools
D:6:      layout_rooms, serial_shops, nicolae_shop_trees,
          hangedman_decor_diamond_cutter
D:7:      layout_cave_pods
D:8:      layout_loops_corners, ebering_ghost_rock_garden,
          hangedman_pestilent_swarm
D:9:      layout_grid_maze, minmay_orc_entry_temple_small,
          nicolae_elemental_shop, minmay_shattered_shrine
D:10:     layout_roguey, lair_entry_dummy, uniq_nergalle
D:11:     layout_big_octagon, serial_shops, nicolae_shop_behind_doors
D:12:     layout_long_grid, serial_park_tiny_2, drop_trap, minmay_crystal_room

Skill      XL: |  1  2  3  4  5  6  7  8  9 10 11 |
---------------+----------------------------------+-----
Axes           | 3 4 5 6 8 9 10 12 | 12.9
Armour         | 2 3 4 5 6 |  6.0
Fighting       | 3 4 5 6 7 9 |  9.7
Dodging        | 2 |  2.0
Evocations     | 3 4 |  4.1

Action                   |  1- 3 |  4- 6 |  7- 9 | 10-12 || total
-------------------------+-------+-------+-------+-------++-------
Melee: Hand axe          |    82 |       |    23 |    50 ||   155
       Bite              |    13 |    26 |    89 |   181 ||   309
       Rapier            |     2 |    75 |   214 |   315 ||   606
       Dire flail        |       |       |       |     8 ||     8
       Broad axe         |       |       |       |     5 ||     5
Invok: Berserk           |     4 |     3 |     5 |    15 ||    27
       Trog's Hand       |       |       |       |     3 ||     3
  Use: Scroll            |       |       |     5 |     7 ||    12
       Potion            |       |       |     1 |       ||     1
 Stab: Sleeping          |     4 |     3 |       |       ||     7
  Eat: Chunk             |     5 |     7 |     9 |    22 ||    43
       Ration            |       |       |     1 |     2 ||     3
Armor: Animal skin       |    29 |    15 |       |       ||    44
       Scale mail        |       |    36 |    17 |       ||    53
       Chain mail        |       |       |    40 |       ||    40
       Plate armour      |       |       |   120 |   435 ||   555
Dodge: Dodged            |    57 |    49 |   102 |   210 ||   418

Table legend:
 A = Non-vault XP
 B = Vault XP
 C = Vault XP percentage of total XP
 D = Non-vault monster count
 E = Vault monster count
 F = Vault count percentage of total count
                 A         B        C        D         E       F
            +---------+---------+-------+---------+---------+-------
      Total |   16103 |    4146 |  20.5 |     278 |      33 |  10.6
            +---------+---------+-------+---------+---------+-------
        D:1 |      42 |       0 |   0.0 |      24 |       0 |   0.0
        D:2 |      32 |      26 |  44.8 |      15 |       7 |  31.8
        D:3 |      98 |      36 |  26.9 |      15 |       1 |   6.2
        D:4 |     120 |       0 |   0.0 |      11 |       0 |   0.0
        D:5 |     897 |       0 |   0.0 |      23 |       0 |   0.0
        D:6 |    1195 |       0 |   0.0 |      21 |       0 |   0.0
        D:7 |    1103 |       0 |   0.0 |      28 |       0 |   0.0
        D:8 |    2566 |     624 |  19.6 |      51 |       4 |   7.3
        D:9 |    3215 |    2644 |  45.1 |      36 |      20 |  35.7
       D:10 |    1275 |     816 |  39.0 |      24 |       1 |   4.0
       D:11 |    3330 |       0 |   0.0 |      19 |       0 |   0.0
       D:12 |    2230 |       0 |   0.0 |      11 |       0 |   0.0
            +---------+---------+-------+---------+---------+-------
